Workbook

Sheet Relatório de Compatibilidade
B1: Relatório de Compatibilidade para PLANILHA OFICIAL DE MEDIÇÃO CEF.xls
B2: Executar em 22/5/2012 19:18
B4: Não há suporte para os recursos a seguir nas versões anteriores do Excel. Esses recursos poderão ser perdidos ou prejudicados quando você salvar a pasta de trabalho em um formato de arquivo anterior.
B6: Perda insignificante de fidelidade | E6: Núm. de ocorrências
B8: Algumas células ou alguns estilos desta pasta de trabalho contêm formatação para a qual não há suporte no formato de arquivo selecionado. Esses formatos serão convertidos no formato mais próximo disponível. | E8: 3

Sheet BDI OFICIAL
B2: BDI PROPOSTO:
B4: COMPOSIÇÃO DO BDI | H4: FÓRMULA ADOTADA:
B5: GARANTIA (G) e SEGURO (S) | H5: Espaço para detalhamento da fórmula de cálculo utilizada para o BDI.
B6: RISCO ( R )
B7: DESPESAS FINANCEIRAS (DF)
B8: ADMINISTRAÇÃO CENTRAL (AC)
B9: LUCRO (L)
B10: TRIBUTOS (T)
H12: ASFALTAMENTO EM PMF
B13: LEGENDA | C13: PREENCHIMENTO OBRIGATÓRIO | H13: COMPOSIÇÃO DA TAXA DE BENEFÍCIOS E DESPESAS INDIRETAS
C14: PREENCHIIMENTO FACULTATIVO | H14: Grupo | I14: A | J14: Despesas indiretas
C15: PREENCHIMENTO AUTOMÁTICO | I15: A.1 | J15: Administração central | K15: 0.04673
I16: A.2 | J16: Garantia | K16: 0.0074
I17: A.3 | J17: Risco | K17: 0.0097
J19: Total do grupo A | K19: =SUM(K15:K18) -> 0.06383
H21: Grupo | I21: B | J21: Bonificação
I22: B.1 | J22: Lucro | K22: 0.0753
J23: Total do grupo B | K23: 0.0753
H25: Grupo | I25: C | J25: Impostos
I26: C.1 | J26: PIS | K26: 0.0065
I27: C.2 | J27: COFINS | K27: 0.03
I28: C.3 | J28: ISSQN (Prefeitura de Montalvânia)* | K28: 0.021
I29: C.4 | J29: INSS | K29: 0.045
J30: Total do grupo C | K30: =SUM(K26:K28) -> 0.0575
H32: Grupo | I32: D | J32: Despesas Financeiras (F)
J33: Despesas Financeiras (F) | K33: 0.0093
J34: Total do grupo D | K34: 0.0093
H36: Fórmula para o cálculo do B.D.I. ( benefícios e despesas indiretas )
H37: BDI = BDI (%) = (1+AC+G+R) x (1+DF) x (1+L) - 1 x 100 | K37: =ROUND((((1+K15+K16+K17)*(1+K34)*(1+K23))/(1-(K30+K29))-1),4) -> 0.2864
J38: (1- (I+INSS))
J42: _______________________________
J43: FELIPE MATHEUS LOPES DOS ANJOS
J44: Engenheiro Civil
J45: CREA MG 295973

Sheet PLANILHA OFICIAL
A2: PLANILHA ORÇAMENTÁRIA | F2: LICITAÇÃO Nº | H2: EDITAL Nº
A3: ÓRGÃO | B3: PREFEITURA MUNICIPAL DE MONTALVÂNIA | H3: DATA
A4: OBJETO | B4: PAVIMENTAÇÃO EM BLOQUETE NAS RUAS ARQUIMEDES E SCHOPENHAUER | H4: LOTE
A5: MODALIDADE | C5: REGIME DE EXECUÇÃO | F5: CIDADE | G5: MONTALVÂNIA | H5: UF | I5: MG
A6: DATA BASE DO ORÇAMENTO | B6: SETOP - Região Norte -JANEIRO/2026 E SINAPI ABRIL/2026 | C6: DESONERAÇÃO | D6: ENCARGOS SOCIAIS - HORISTAS (%) | F6: BDI 1 | G6: =BDI!D26 -> 0.2626 | H6: BDI 2
C7: Sim | D7: ENCARGOS SOCIAIS - MENSALISTAS (%)
A9: LEGENDA | B9: PREENCHIMENTO OBRIGATÓRIO
B10: PREENCHIIMENTO FACULTATIVO
B11: PREENCHIMENTO AUTOMÁTICO
G12: TIPO DE VALOR | K12: TOTAL GERAL
G13: CUSTO (SEM BDI) | K13: =SUM(K16:K29) -> 199740
A14: ITEM | B14: CÓDIGO | C14: REFERÊNCIA | D14: DESCRIÇÃO DOS SERVIÇOS | E14: UNIDADE | F14: QUANTIDADE | G14: VALOR UNITÁRIO (R$) | H14: BDI | I14: CUSTO UNITÁRIO (SEM BDI) | J14: PREÇO UNITÁRIO (COM BDI) | K14: PREÇO TOTAL
A15: 1 | D15: SERVIÇOS INICIAIS
A16: 1.1 | B16: ='PLANILHA BASE'!B17 -> ED-28427 | C16: SINAPI | D16: ='PLANILHA BASE'!C17 -> FORNECIMENTO E COLOCAÇÃO DE PLACA DE OBRA EM CHAPA GALVANIZADA #26, ESP. 0,45MM, DIMENSÃO (3X1,5)M, PLOTADA COM ADESIVO VINÍLICO, AFIXADA COM REBITES 4,8X40MM, EM ESTRUTURA METÁLICA DE METALON 20X20MM, ESP. 1,25MM, INCLUSIVE SUPORTE EM EUCALIPTO AUTOCLAVADO PINTADO COM TINTA PVA DUAS (2) DEMÃOS | E16: UNIDADE | F16: 1 | G16: ='PLANILHA BASE'!F17 -> 1187.1 | H16: =G6 -> 0.2626 | I16: =G16 -> 1187.1 | J16: =I16*(1+H16) -> 1498.8325 | K16: =J16*F16 -> 1498.8325
A17: 1.2 | B17: ='PLANILHA BASE'!B18 -> ED-50274 | C17: SETOP | D17: LOCAÇÃO TOPOGRÁFICA PARA ATÉ VINTE (20) PONTOS REFERENCIAIS, INCLUSIVE ESTACA (PIQUETE) DE MARCAÇÃO | E17: PT | F17: ='PLANILHA BASE'!E18 -> 8.25 | G17: ='PLANILHA BASE'!F18 -> 95.58 | H17: =G6 -> 0.2626 | I17: =G17 -> 95.58 | J17: =I17*(1+H17) -> 120.67931 | K17: =J17*F17 -> 995.60429
A19: 2 | D19: TERRAPLANAGEM
A20: 2.1 | B20: ED-51100 | C20: SETOP | D20: CORTE E DESATERRO MECÂNICO PARA REGULARIZAÇÃO, COM TRATOR DE ESTEIRA, INCLUSIVE ARRASTAMENTO NIVELADO, AFASTAMENTO E EMPILHAMENTO, EXCLUSIVE CARGA, TRANSPORTE E DESCARGA EMPILHAMENTO, EXCLUSIVE TRANSPORTE E RETIRADA DO MATERIAL DEMOLIDO | E20: M3 | F20: ='PLANILHA BASE'!E21 -> 102.3 | G20: ='PLANILHA BASE'!F21 -> 4.07 | H20: =G6 -> 0.2626 | I20: =G20 -> 4.07 | J20: =I20*(1+H20) -> 5.138782 | K20: =J20*F20 -> 525.6974
A21: 2.2 | B21: ED-51124 | C21: SETOP | D21: REGULARIZAÇÃO E COMPACTAÇÃO MECÂNICA DE TERRENO COM ROLO VIBRATÓRIO, EXCLUSIVE DESMATAMENTO, DESTOCAMENTO, LIMPEZA/ROÇADA DO TERRENO | E21: M3XKM | F21: ='PLANILHA BASE'!E22 -> 1023 | G21: ='PLANILHA BASE'!F22 -> 2.8 | H21: =G6 -> 0.2626 | I21: =G21 -> 2.8 | J21: =I21*(1+H21) -> 3.53528 | K21: =J21*F21 -> 3616.5914
A23: 3 | D23: PAVIMENTAÇÃO
A24: 3.1 | B24: 92394 | C24: SINAPI | D24: EXECUÇÃO DE PAVIMENTO EM PISO INTERTRAVADO, COM BLOCO SEXTAVADO DE 25 X 25 CM, ESPESSURA 8 CM. AF_10/2022 | E24: M² | F24: ='PLANILHA BASE'!E25 -> 1023 | G24: ='PLANILHA BASE'!F25 -> 104.6 | H24: =G6 -> 0.2626 | I24: =G24 -> 104.6 | J24: =I24*(1+H24) -> 132.06796 | K24: =J24*F24 -> 135105.52
A26: 4 | D26: DRENAGEM
A27: 4.1 | B27: ED-51140 | C27: SETOP | D27: GUIA DE MEIO-FIO, EM CONCRETO COM FCK 20MPA, PRÉ- MOLDADA, MFC-03 PADRÃO DER-MG, DIMENSÕES (12X18X45)CM, EXCLUSIVE SARJETA, INCLUSIVE ESCAVAÇÃO, APILOAMENTO E TRANSPORTE COM RETIRADA DO MATERIAL ESCAVADO (EM CAÇAMBA) | E27: M | F27: ='PLANILHA BASE'!E28 -> 330 | G27: ='PLANILHA BASE'!F28 -> 96.71 | H27: =G6 -> 0.2626 | I27: =G27 -> 96.71 | J27: =I27*(1+H27) -> 122.10605 | K27: =J27*F27 -> 40294.995
A28: 4.1 | B28: 94287 | C28: SINAPI | D28: EXECUÇÃO DE SARJETA DE CONCRETO USINADO, MOLDADA IN LOCO EM TRECHO RETO, 30 CM BASE X 10 CM ALTURA. AF_01/2024 | E28: M | F28: ='PLANILHA BASE'!E29 -> 330 | G28: ='PLANILHA BASE'!F29 -> 36.87 | H28: =G6 -> 0.2626 | I28: =G28 -> 36.87 | J28: =I28*(1+H28) -> 46.552062 | K28: =J28*F28 -> 15362.18
B29: ED-51135 | C29: SETOP | D29: GUIA DE CORDÃO BOLEADO, EM CONCRETO COM FCK 20MPA, PRÉ-MOLDADA, 10X10CM (ALTURA X LARGURA), INCLUSIVE UMA (1) FIADA DE BLOCO DE CONCRETO, ESP. 9CM, ESCAVAÇÃO, APILOAMENTO E TRANSPORTE COM RETIRADA DO MATERIAL ESCAVADO (EM CAÇAMBA) | E29: M | F29: ='PLANILHA BASE'!E30 -> 31.5 | G29: ='PLANILHA BASE'!F30 -> 58.85 | H29: 0.2626 | I29: =G29 -> 58.85 | J29: =I29*(1+H29) -> 74.30401 | K29: =J29*F29 -> 2340.5763
A35: FELIPE MATHEUS LOPES DOS ANJOS | E35: FREDSON LOPES FRANÇA
A36: ENGENHEIRO CIVIL | E36: PREFEITO MUNICIPAL
A37: CREA MG 295973

Sheet PLANILHA BASE
C1: CNPJ: 17.097.791/0001-12
A3: PLANILHA ORÇAMENTÁRIA DE CUSTOS
A5: PREFEITURA MUNICIPAL DE MONTALVÂNIA | F5: FOLHA Nº: 01/01
A6: OBRA: PAVIMENTAÇÃO EM BLOQUETE NAS RUAS ARQUIMEDES E SCHOPENHAUER | F6: DATA: 05/2026
A7: LOCAL: ZONA URBANA DE MONTALVÂNIA | E7: FORMA DE EXECUÇÃO:
A8: REGIÃO/MÊS DE REFERÊNCIA: SETOP - Região Norte -JANEIRO/2026 E SINAPI ABRIL/2026 (Com Desoneração) | E8: ( ) | F8: DIRETA | G8: ( x ) | H8: INDIRETA
A9: PRAZO DE EXECUÇÃO: 03 Meses | G9: BDI | H9: =BDI!D26 -> 0.2626
A12: ITEM | B12: CÓDIGO | C12: DESCRIÇÃO | D12: UNID. | E12: QTDE. | F12: PREÇO UNITÁRIO | H12: PREÇO TOTAL
F13: SEM BDI | G13: COM BDI
C14: PAVIMENTAÇÃO EM BLOQUETE
A16: 1 | C16: INSTALAÇÕES INICIAIS DA OBRA
A17: 1.1 | B17: ED-28427 | C17: FORNECIMENTO E COLOCAÇÃO DE PLACA DE OBRA EM CHAPA GALVANIZADA #26, ESP. 0,45MM, DIMENSÃO (3X1,5)M, PLOTADA COM ADESIVO VINÍLICO, AFIXADA COM REBITES 4,8X40MM, EM ESTRUTURA METÁLICA DE METALON 20X20MM, ESP. 1,25MM, INCLUSIVE SUPORTE EM EUCALIPTO AUTOCLAVADO PINTADO COM TINTA PVA DUAS (2) DEMÃOS | D17: UNID. | E17: 1 | F17: 1187.1 | G17: =F17+($H$9*F17) -> 1498.8325 | H17: =G17*E17 -> 1498.8325
A18: 1.2 | B18: ED-50274 | C18: LOCAÇÃO TOPOGRÁFICA PARA ATÉ VINTE (20) PONTOS REFERENCIAIS, INCLUSIVE ESTACA (PIQUETE) DE MARCAÇÃO | D18: PT | E18: =165/20 -> 8.25 | F18: 95.58 | G18: =F18+($H$9*F18) -> 120.67931 | H18: =G18*E18 -> 995.60429
A19: SUB-TOTAL | H19: =SUM(H17:H18) -> 2494.4368
A20: 2 | C20: TERRAPLENAGEM
A21: 2.1 | B21: ED-51100 | C21: CORTE E DESATERRO MECÂNICO PARA REGULARIZAÇÃO, COM TRATOR DE ESTEIRA, INCLUSIVE ARRASTAMENTO NIVELADO, AFASTAMENTO E EMPILHAMENTO, EXCLUSIVE CARGA, TRANSPORTE E DESCARGA | D21: m3 | E21: ='MEMÓRIA DE CÁLCULO'!G14 -> 102.3 | F21: 4.07 | G21: =F21+($H$9*F21) -> 5.138782 | H21: =G21*E21 -> 525.6974
A22: 2.2 | B22: ED-51124 | C22: REGULARIZAÇÃO E COMPACTAÇÃO MECÂNICA DE TERRENO COM ROLO VIBRATÓRIO, EXCLUSIVE DESMATAMENTO, DESTOCAMENTO, LIMPEZA/ROÇADA DO TERRENO | D22: M2 | E22: ='MEMÓRIA DE CÁLCULO'!F23 -> 1023 | F22: 2.8 | G22: =F22+($H$9*F22) -> 3.53528 | H22: =G22*E22 -> 3616.5914
A23: SUB-TOTAL | H23: =SUM(H21:H22) -> 4142.2888
A24: 3 | C24: PAVIMENTAÇÃO
A25: 3.1 | B25: 92394 | C25: EXECUÇÃO DE PAVIMENTO EM PISO INTERTRAVADO, COM BLOCO SEXTAVADO DE 25 X 25 CM, ESPESSURA 8 CM.AF_10/2022 | D25: M2 | E25: ='MEMÓRIA DE CÁLCULO'!F33 -> 1023 | F25: 104.6 | G25: =F25+($H$9*F25) -> 132.06796 | H25: =G25*E25 -> 135105.52 | I25: =E25*30% -> 306.9
D26: SUB-TOTAL | H26: =SUM(H25:H25) -> 135105.52
A27: 4 | C27: DRENAGEM
A28: 4.1 | B28: ED-51140 | C28: GUIA DE MEIO-FIO, EM CONCRETO COM FCK 20MPA, PRÉ- MOLDADA, MFC-03 PADRÃO DER-MG, DIMENSÕES (12X18X45)CM, EXCLUSIVE SARJETA, INCLUSIVE ESCAVAÇÃO, APILOAMENTO E TRANSPORTE COM RETIRADA DO MATERIAL ESCAVADO (EM CAÇAMBA) | D28: M | E28: ='MEMÓRIA DE CÁLCULO'!G45 -> 330 | F28: 96.71 | G28: =F28+($H$9*F28) -> 122.10605 | H28: =G28*E28 -> 40294.995 | I28: =E28*30% -> 99
A29: 4.2 | B29: 94287 | C29: EXECUÇÃO DE SARJETA DE CONCRETO USINADO, MOLDADA IN LOCO EM TRECHO RETO, 30 CM BASE X 10 CM ALTURA. AF_01/2024 | D29: m | E29: =E28 -> 330 | F29: 36.87 | G29: =F29+($H$9*F29) -> 46.552062 | H29: =G29*E29 -> 15362.18
A30: 4.3 | B30: ED-51135 | C30: GUIA DE CORDÃO BOLEADO, EM CONCRETO COM FCK 20MPA, PRÉ-MOLDADA, 10X10CM (ALTURA X LARGURA), INCLUSIVE UMA (1) FIADA DE BLOCO DE CONCRETO, ESP. 9CM, ESCAVAÇÃO, APILOAMENTO E TRANSPORTE COM RETIRADA DO MATERIAL ESCAVADO (EM CAÇAMBA) | D30: M | E30: =6.3*5 -> 31.5 | F30: 58.85 | G30: =F30+($H$9*F30) -> 74.30401 | H30: =G30*E30 -> 2340.5763
A31: SUB-TOTAL | H31: =SUM(H28:H30) -> 57997.752
A32: TOTAL GERAL DA OBRA………………………………………………………………………..……………………………………………………………………………………………………… | H32: =H31+H26+H23+H19 -> 199740
A36: FELIPE MATHEUS LOPES DOS ANJOS | D36: CREA | E36: FREDSON LOPES FRANÇA
A37: ENGENHEIRO CIVIL | E37: PREFEITO MUNICIPAL
A38: CREA MG 295973

Sheet MEMÓRIA DE CÁLCULO
A1: PREFEITURA MUNICIPAL DE MONTALVÂNIA
A2: OBRA: PAVIMENTAÇÃO EM BLOQUETE NAS RUAS ARQUIMEDES E SHOPENHAUER
A3: BDI: | B3: 0.2626
A4: DATA DO ORÇAMENTO: 05/2026
A5: MEMÓRIA DE CÁLCULO
A7: ITEM | B7: 2.1 | C7: Serviço | D7: ='PLANILHA BASE'!C21 -> CORTE E DESATERRO MECÂNICO PARA REGULARIZAÇÃO, COM TRATOR DE ESTEIRA, INCLUSIVE ARRASTAMENTO NIVELADO, AFASTAMENTO E EMPILHAMENTO, EXCLUSIVE CARGA, TRANSPORTE E DESCARGA | I7: UNIDADE
A8: SETOP | B8: ='PLANILHA BASE'!B21 -> ED-51100 | I8: ='PLANILHA BASE'!D21 -> m3
A9: Logradouro | C9: Compr. | D9: Largura | E9: Espessura | F9: Área | G9: Volume | H9: DMT | I9: V. Unit. Total
I10: ='PLANILHA BASE'!G21 -> 5.138782
A11: (Unidade) | C11: m | D11: m | E11: cm | F11: m² | G11: m³ | H11: km | I11: Total
A12: ARQUIMEDES | C12: 100 | D12: 6.2 | E12: 0.1 | F12: =C12*D12 -> 620 | G12: =F12*E12 -> 62 | I12: =G12*I10 -> 318.60448
A13: SCHOPENHAUER | C13: 65 | D13: 6.2 | E13: 0.1 | F13: =C13*D13 -> 403 | G13: =F13*E13 -> 40.3 | I13: =G13*I10 -> 207.09291
C14: =SUM(C12:C13) -> 165 | F14: =SUM(F12:F13) -> 1023 | G14: =SUM(G12:G13) -> 102.3 | I14: =SUM(I12:I13) -> 525.6974
A16: ITEM | B16: ='PLANILHA BASE'!A22 -> 2.2 | C16: Serviço | D16: ='PLANILHA BASE'!C22 -> REGULARIZAÇÃO E COMPACTAÇÃO MECÂNICA DE TERRENO COM ROLO VIBRATÓRIO, EXCLUSIVE DESMATAMENTO, DESTOCAMENTO, LIMPEZA/ROÇADA DO TERRENO | I16: UNIDADE
A17: SETOP | B17: ='PLANILHA BASE'!B22 -> ED-51124 | I17: M2
A18: Logradouro | C18: Compr. | D18: Largura | E18: Espessura | F18: Área | G18: Volume | H18: DMT | I18: V. Unit. Total
I19: ='PLANILHA BASE'!$G$22 -> 3.53528
A20: (Unidade) | C20: m | D20: m | E20: cm | F20: m² | G20: m³ | H20: km | I20: Total
A21: ARQUIMEDES | C21: 100 | D21: 6.2 | E21: 0.15 | F21: =C21*D21 -> 620 | G21: =F21*E21 -> 93 | I21: =$I$19*F21 -> 2191.8736
A22: SCHOPENHAUER | C22: 65 | D22: 6.2 | E22: 0.15 | F22: =C22*D22 -> 403 | G22: =F22*E22 -> 60.45 | I22: =$I$19*F22 -> 1424.7178
C23: =SUM(C21:C22) -> 165 | F23: =SUM(F21:F22) -> 1023 | G23: =SUM(G21:G22) -> 153.45 | I23: =SUM(I21:I22) -> 3616.5914
A26: ITEM | B26: 3.1 | C26: Serviço | D26: ='PLANILHA BASE'!C25 -> EXECUÇÃO DE PAVIMENTO EM PISO INTERTRAVADO, COM BLOCO SEXTAVADO DE 25 X 25 CM, ESPESSURA 8 CM.AF_10/2022 | I26: UNIDADE
A27: SINAPI | B27: ='PLANILHA BASE'!B25 -> 92394 | I27: M²
A28: Logradouro | C28: Compr. | D28: Largura | E28: Espessura | F28: Área | G28: Volume | H28: Peso | I28: V. Unit. Total
I29: ='PLANILHA BASE'!G25 -> 132.06796
A30: (Unidade) | C30: m | D30: m | E30: m | F30: m² | G30: m³ | H30: ton | I30: Total
A31: ARQUIMEDES | C31: 100 | D31: 6.2 | F31: =C31*D31 -> 620 | I31: =F31*I29 -> 81882.135
A32: SCHOPENHAUER | C32: 65 | D32: 6.2 | F32: =C32*D32 -> 403 | I32: =F32*I29 -> 53223.388
C33: =SUM(C31:C32) -> 165 | F33: =SUM(F31:F32) -> 1023 | I33: =SUM(I31:I32) -> 135105.52
A38: ITEM | B38: 4.1 | C38: Serviço | D38: ='PLANILHA BASE'!C28 -> GUIA DE MEIO-FIO, EM CONCRETO COM FCK 20MPA, PRÉ- MOLDADA, MFC-03 PADRÃO DER-MG, DIMENSÕES (12X18X45)CM, EXCLUSIVE SARJETA, INCLUSIVE ESCAVAÇÃO, APILOAMENTO E TRANSPORTE COM RETIRADA DO MATERIAL ESCAVADO (EM CAÇAMBA) | I38: UNIDADE
A39: SETOP | B39: ='PLANILHA BASE'!B28 -> ED-51140 | I39: M
A40: Logradouro | C40: Comprim. Rua | D40: Largura inters. | E40: Interseç. | G40: Qtde total meio fio | I40: V. Unit. Total
I41: ='PLANILHA BASE'!G28 -> 122.10605
A42: (Unidade) | C42: m | D42: m | G42: m | I42: Total
A43: ARQUIMEDES | C43: 100 | D43: 6.2 | G43: =2*C43-(D43*E43) -> 200 | I43: =$I$41*G43 -> 24421.209
A44: SCHOPENHAUER | C44: 65 | D44: 6.2 | G44: =2*C44-(D44*E44) -> 130 | I44: =$I$41*G44 -> 15873.786
A45: TOTAL | C45: =SUM(C43:C44) -> 165 | G45: =SUM(G43:G44) -> 330 | I45: =SUM(I43:I44) -> 40294.995
A50: FELIPE MATHEUS LOPES DOS ANJOS
A51: ENGENHEIRO CIVIL
A52: CREA MG 295973

Sheet CRONOGRAMA FÍSICO -  FINANCEIRO
A5: CRONOGRAMA FÍSICO-FINANCEIRO
A6: PREFEITURA: PREFEITURA MUNICIPAL DE MONTALVÂNIA | D6: VALOR : | F6: ='PLANILHA BASE'!H32 -> 199740
A7: ='PLANILHA BASE'!A6 -> OBRA: PAVIMENTAÇÃO EM BLOQUETE NAS RUAS ARQUIMEDES E SCHOPENHAUER | D7: LOCAL: ZONA URBANA | F7: PRAZO DA OBRA: 03 meses
A8: ITEM | B8: CÓDIGO | C8: ETAPAS/DESCRIÇÃO | D8: FÍSICO/ FINANCEIRO | E8: TOTAL ETAPAS | F8: MÊS 1 | G8: MÊS 2 | H8: MÊS 3
A9: 1 | B9: IIO-001 | C9: ='PLANILHA BASE'!C16 -> INSTALAÇÕES INICIAIS DA OBRA | D9: Físico % | E9: 1 | F9: 1
D10: Financeiro | E10: ='PLANILHA BASE'!H19 -> 2494.4368 | F10: =F9*$E$10 -> 2494.4368 | G10: =G9*$E$10 -> 0 | H10: =H9*$E$10 -> 0
A11: 2 | B11: TER-001 | C11: ='PLANILHA BASE'!C20 -> TERRAPLENAGEM | D11: Físico % | E11: 1 | F11: 1
D12: Financeiro | E12: ='PLANILHA BASE'!H23 -> 4142.2888 | F12: =F11*$E$12 -> 4142.2888 | G12: =G11*$E$12 -> 0 | H12: =H11*$E$12 -> 0
A13: 3 | B13: OBR-001 | C13: ='PLANILHA BASE'!C24 -> PAVIMENTAÇÃO | D13: Físico % | E13: 1 | G13: 0.3 | H13: 0.7
D14: Financeiro | E14: ='PLANILHA BASE'!H26 -> 135105.52 | F14: =F13*$E$14 -> 0 | G14: =G13*$E$14 -> 40531.657 | H14: =H13*$E$14 -> 94573.866
A15: 4 | B15: DRE-001 | C15: ='PLANILHA BASE'!C27 -> DRENAGEM | D15: Físico % | E15: 1 | F15: 0.15 | G15: 0.6 | H15: 0.25
D16: Financeiro | E16: ='PLANILHA BASE'!H31 -> 57997.752 | F16: =F15*$E$16 -> 8699.6628 | G16: =G15*$E$16 -> 34798.651 | H16: =H15*$E$16 -> 14499.438
A17: TOTAL | D17: Físico % | E17: 1 | F17: =F18/$E$18 -> 0.076781758 | G17: =G18/$E$18 -> 0.37714182 | H17: =H18/$E$18 -> 0.54607642
D18: Financeiro | E18: ='PLANILHA BASE'!H32 -> 199740 | F18: =F10+F12+F14+F16 -> 15336.388 | G18: =G16+G14+G12+G10 -> 75330.308 | H18: =H14+H16 -> 109073.3
A19: TOTAL ACUMULADO | D19: Físico % | F19: =F17 -> 0.076781758 | G19: =F17+G17 -> 0.45392358 | H19: =G19+H17 -> 1
D20: Financeiro | F20: =F18 -> 15336.388 | G20: =F18+G18 -> 90666.696 | H20: =F18+G18+H18 -> 199740
A23: FELIPE MATHEUS LOPES DOS ANJOS | E23: FREDSON LOPES FRANÇA
A24: ENGENHEIRO CIVIL | E24: PREFEITO MUNICIPAL
A25: CREA MG 295973

Sheet BDI
A1: PAVIMENTAÇÃO EM PISO INTERTRAVADO
A2: COMPOSIÇÃO DA TAXA DE BENEFÍCIOS E DESPESAS INDIRETAS
A3: Grupo | B3: A | C3: Despesas indiretas
B4: A.1 | C4: Administração central | D4: 0.0467
B5: A.2 | C5: Garantia | D5: 0.0074
B6: A.3 | C6: Risco | D6: 0.0097
C8: Total do grupo A | D8: =SUM(D4:D7) -> 0.0638
A10: Grupo | B10: B | C10: Bonificação
B11: B.1 | C11: Lucro | D11: 0.0753
C12: Total do grupo B | D12: 0.0753
A14: Grupo | B14: C | C14: Impostos
B15: C.1 | C15: PIS | D15: 0.0065
B16: C.2 | C16: COFINS | D16: 0.03
B17: C.3 | C17: ISSQN (Prefeitura de Montalvânia)* | D17: 0.021
B18: C.4 | C18: INSS | D18: 0.027
C19: Total do grupo C | D19: =SUM(D15:D17) -> 0.0575
A21: Grupo | B21: D | C21: Despesas Financeiras (F)
C22: Despesas Financeiras (F) | D22: 0.0105
C23: Total do grupo D | D23: 0.0105
A25: Fórmula para o cálculo do B.D.I. ( benefícios e despesas indiretas )
A26: BDI = BDI (%) = (1+AC+G+R) x (1+DF) x (1+L) - 1 x 100 | D26: =ROUND((((1+D4+D5+D6)*(1+D23)*(1+D12))/(1-(D19+D18))-1),4) -> 0.2626
C27: (1- (I+INSS))
A28: ___________________________________ _________________________________
A29: FELIPE MATHEUS LOPES DOS ANJOS
A30: Engenheiro Civil - CREA MG 295973

Sheet CRONOGRAMA - JANUÁRIA
A1: PREFEITURA MUNICIPAL DE JANUÁRIA
A2: OBRA: PAVIMENTAÇÃO DISTRITO DE RIACHO DA CRUZ
A3: BDI = 30,00 %
A4: SETOP - DEZEMBRO 2012
A5: DATA DO ORÇAMENTO: 02/04/2013
A6: PERÍODO - ETAPAS | D6: 30 | E6: 60 | F6: 90 | G6: 120 | H6: 150 | I6: 180 | J6: 210 | K6: 240 | L6: 270 | M6: 300 | N6: 330 | O6: 360
A8: DESCRIÇÃO - SERVIÇOS | B8: FÍSICO | C8: FINANCEIRO | D8: 1º MÊS | E8: 2º MÊS | F8: 3º MÊS | G8: 4º MÊS | H8: 5º MÊS | I8: 6º MÊS | J8: 7º MÊS | K8: 8º MÊS | L8: 9º MÊS | M8: 10º MÊS | N8: 11º MÊS | O8: 12º MÊS | P8: TOTAL
A9: INSTALAÇÕES INICIAIS DA OBRA | B9: =C9/$C$13 -> #REF! | C9: ='PLANILHA BASE'!#REF! -> #REF! | D9: =0.5*C9 -> #REF! | E9: =(C9-D9)/11 -> #REF! | F9: =E9 -> #REF! | G9: =F9 -> #REF! | H9: =G9 -> #REF! | I9: =H9 -> #REF! | J9: =I9 -> #REF! | K9: =J9 -> #REF! | L9: =K9 -> #REF! | M9: =L9 -> #REF! | ... O9: =N9 -> #REF! | P9: =SUM(D9:O9) -> #REF!
A10: ='PLANILHA BASE'!C20 -> TERRAPLENAGEM | B10: =C10/$C$13 -> #REF! | C10: ='PLANILHA BASE'!J20 -> 0 | D10: =0.1*C10 -> 0 | E10: =0.2*C10 -> 0 | F10: =E10 -> 0 | G10: =F10 -> 0 | H10: =G10 -> 0 | I10: =0.1*C10 -> 0 | P10: =SUM(D10:O10) -> 0
A11: PAVIMENTAÇÃO | B11: =C11/$C$13 -> #REF! | C11: ='PLANILHA BASE'!J24 -> 0 | E11: =0.1*C11 -> 0 | F11: =E11 -> 0 | G11: =F11 -> 0 | H11: =0.3*C11 -> 0 | I11: =0.1*C11 -> 0 | J11: =I11 -> 0 | K11: =J11 -> 0 | L11: =0.1*C11 -> 0 | P11: =SUM(D11:O11) -> 0
A12: MEIO FIO E SARJETA | B12: =C12/$C$13 -> #REF! | C12: ='PLANILHA BASE'!J28 -> 0 | E12: =0.05*C12 -> 0 | F12: =E12 -> 0 | G12: =F12 -> 0 | H12: =0.1*C12 -> 0 | I12: =0.1*C12 -> 0 | J12: =0.15*C12 -> 0 | K12: =I12 -> 0 | L12: =K12 -> 0 | M12: =L12 -> 0 | N12: =M12 -> 0 | O12: =N12 -> 0 | P12: =SUM(D12:O12) -> 0
A13: SOMA (R$) | B13: =C13/$C$13 -> #REF! | C13: =SUM(C9:C12) -> #REF! | D13: =SUM(D9:D12) -> #REF! | E13: =SUM(E9:E12) -> #REF! | F13: =SUM(F9:F12) -> #REF! | G13: =SUM(G9:G12) -> #REF! | H13: =SUM(H9:H12) -> #REF! | I13: =SUM(I9:I12) -> #REF! | J13: =SUM(J9:J12) -> #REF! | ... O13: =SUM(O9:O12) -> #REF! | P13: =SUM(D13:O13) -> #REF!
A14: SOMA ACUMULADA | B14: =C14/$C$13 -> #REF! | C14: =C13 -> #REF! | D14: =D13 -> #REF! | E14: =D14+E13 -> #REF! | F14: =E14+F13 -> #REF! | G14: =F14+G13 -> #REF! | H14: =G14+H13 -> #REF! | I14: =H14+I13 -> #REF! | J14: =I14+J13 -> #REF! | K14: =J14+K13 -> #REF! | L14: =K14+L13 -> #REF! | ... O14: =N14+O13 -> #REF!
A15: PORCENTAGEM | D15: =D13/$C$13 -> #REF! | E15: =E13/$C$13 -> #REF! | F15: =F13/$C$13 -> #REF! | G15: =G13/$C$13 -> #REF! | H15: =H13/$C$13 -> #REF! | I15: =I13/$C$13 -> #REF! | J15: =J13/$C$13 -> #REF! | K15: =K13/$C$13 -> #REF! | ... O15: =O13/$C$13 -> #REF!
A16: PORCENTAGEM ACUMULADA | D16: =D15 -> #REF! | E16: =D16+E15 -> #REF! | F16: =E16+F15 -> #REF! | G16: =F16+G15 -> #REF! | H16: =G16+H15 -> #REF! | I16: =H16+I15 -> #REF! | J16: =I16+J15 -> #REF! | K16: =J16+K15 -> #REF! | L16: =K16+L15 -> #REF! | ... O16: =N16+O15 -> #REF!
